 Dungeon Sprint DCSS version 0.21-a0-297-ga3d34c2 (webtiles) character file.

100 potatolord6000 the Conjurer (level 4, 0/28 HPs)
             Began as a Tengu Conjurer on Sept 28, 2017.
             Was a Follower of Sif Muna.
             Slain by a jackal (2 damage)
             ... while paralysed by a floating eye
             ... in the Dungeon (Sprint VII: "The Pits").
             The game lasted 00:01:00 (197 turns).

potatolord6000 the Conjurer (Tengu Conjurer)         Turns: 197, Time: 00:01:00

Health: 0/28       AC:  2    Str:  8    XL:     4   Next: 73%
Magic:  7/11       EV:  2    Int: 16    God:    Sif Muna [*.....]
Gold:   0          SH:  0    Dex: 15    Spells: 8/11 levels left

rFire    . . .     SeeInvis .   j - +2 falchion (holy)
rCold    . . .     Gourm    .   (no shield)
rNeg     . . .     Faith    .   a - +0 robe
rPois    .         Spirit   .   (helmet restricted)
rElec    .         Reflect  .   (no cloak)
rCorr    .         Harm     .   (no gloves)
MR       .....     NoTele   +   (boots unavailable)
Stlth    ++........             (no amulet)
HPRegen  0.09/turn              (no ring)
MPRegen  0.12/turn              (no ring)

@: paralysed, berserk cooldown, slowed
A: beak, talons 3
a: Divine Energy, Renounce Religion


You were in the Dungeon.
You worshipped Sif Muna.
Sif Muna was aware of your devotion.
You were not hungry.

You visited 1 branch

Inventory:

Hand Weapons
 j - a +2 falchion of holy wrath (weapon)
Armour
 a - a +0 robe (worn)
Scrolls
 i - a scroll of blinking
 l - 3 scrolls of remove curse
 m - 5 scrolls of amnesia
 n - a scroll of summoning
Potions
 d - a potion of curing
 e - a potion of heal wounds
 f - a potion of haste
 g - 4 potions of magic
 h - 2 potions of berserk rage
 k - 2 potions of invisibility
Books
 b - a book of Conjurations

   Spells                             Type                      Level
   a - Magic Dart                     Conjuration                  1
   b - Searing Ray                    Conjuration                  2
   c - Dazzling Spray                 Conjuration/Hexes            3
   d - Fulminant Prism                Conjuration/Hexes            4
   e - Force Lance                    Conjuration/Translocation    4
   f - Iskenderun's Mystic Blast      Conjuration                  4
Comestibles
 c - 8 bread rations
 o - 40 fruits
 p - 7 meat rations


   Skills:
 + Level 3.5 Fighting
 + Level 3.8 Long Blades
 + Level 5.0 Dodging
 - Level 2.0 Stealth
 + Level 4.0 Spellcasting
 + Level 7.5 Conjurations


You had 8 spell levels left.
You knew the following spells:

 Your Spells              Type           Power        Failure   Level  Hunger
a - Magic Dart            Conj           ####         1%          1    None
b - Searing Ray           Conj           ####..       1%          2    ##.....


Dungeon Overview and Level Annotations

Branches:
Dungeon (1/1)

Altars:
Ashenzari
Cheibriados
Dithmenos
Elyvilon
Fedhas
Gozag
Hepliaklqana
Kikubaaqudgha
Makhleb
Nemelex Xobeh
Okawaru
Qazlal
Ru
Sif Muna
Trog
Uskayaw
Vehumet
Wu Jian
Xom
Yredelemnul
Zin
The Shining One
Beogh
Jiyva
Lugonu


Innate Abilities, Weirdness & Mutations

You have a beak for a mouth.
You have claws for feet.


Message History

You feel yourself slow down. The jackal barely misses you.
You see here a rat corpse.
Unknown command.
You hit the floating eye. You claw the floating eye.
The floating eye is moderately wounded.
The jackal barely misses you. The jackal misses you. x2
The floating eye gazes piercingly through you!
You suddenly lose the ability to move!
The jackal bites you. x2
The floating eye's stare focuses on you.
The jackal barely misses you. The jackal bites you.
* * * LOW HITPOINT WARNING * * *
The jackal bites you.
* * * LOW HITPOINT WARNING * * *
The jackal bites you.
* * * LOW HITPOINT WARNING * * *
The floating eye gazes piercingly through you!
You shrug off the repeated paralysis!
The jackal bites you.
* * * LOW HITPOINT WARNING * * *
The jackal bites you.
You die...

##########'##..........
#.?(.')))'.##......#..#
##########.##..........
#..........†'..........
#+#####'#####......#..#
#..#..#†.##..........
#..†..'.†#####'#####+
##'####+###.......#
#...@G...##.......#
#...hh...##.......#
#####+#####...<...#
#.......# #.......#
#.......# #########


You could see a floating eye and 2 jackals.

Vanquished Creatures
  An ice beast (D)
  A ball python (D)
  A giant cockroach (D)
  2 goblins (D)
  A frilled lizard (D)
  A quokka skeleton (D)
  A rat (D)
8 creatures vanquished.

Notes
Turn   | Place    | Note
-------+----------+-------------------------------------------
     0 | D        | potatolord6000 the Tengu Conjurer began the quest for the Orb.
     0 | D        | Reached XP level 1. HP: 10/10 MP: 4/4
    53 | D        | Found a bloodstained altar of Trog.
    53 | D        | Found a deep blue altar of Sif Muna.
    53 | D        | Found a viscous altar of Jiyva.
    53 | D        | Found a hazy altar of Hepliaklqana.
    53 | D        | Found an opulent altar of Gozag.
    54 | D        | Found a glowing golden altar of the Shining One.
    54 | D        | Found a glowing silver altar of Zin.
    54 | D        | Found a basalt altar of Yredelemnul.
    54 | D        | Found a shimmering altar of Xom.
    54 | D        | Found an ornate altar of the Wu Jian Council.
    54 | D        | Found a sacrificial altar of Ru.
    54 | D        | Found a stormy altar of Qazlal.
    54 | D        | Found an iron altar of Okawaru.
    54 | D        | Found a sparkling altar of Nemelex Xobeh.
    54 | D        | Found a burning altar of Makhleb.
    54 | D        | Found a blossoming altar of Fedhas.
    54 | D        | Found a white marble altar of Elyvilon.
    54 | D        | Found a shadowy altar of Dithmenos.
    54 | D        | Found a snail-covered altar of Cheibriados.
    56 | D        | Found a radiant altar of Vehumet.
    56 | D        | Found a corrupted altar of Lugonu.
    56 | D        | Found a roughly hewn altar of Beogh.
    58 | D        | Found an ancient bone altar of Kikubaaqudgha.
    58 | D        | Found a hide-covered altar of Uskayaw.
    58 | D        | Found a shattered altar of Ashenzari.
    59 | D        | Became a worshipper of Sif Muna the Loreminder
   178 | D        | Reached skill level 1 in Fighting
   178 | D        | Reached skill level 1 in Long Blades
   178 | D        | Reached XP level 2. HP: 16/16 MP: 6/6
   182 | D        | Learned a level 2 spell: Searing Ray
   184 | D        | Noticed an ice beast
   191 | D        | Killed an ice beast
   191 | D        | Reached * piety under Sif Muna
   191 | D        | Reached skill level 5 in Dodging
   191 | D        | Reached skill level 7 in Conjurations
   191 | D        | Reached XP level 3. HP: 16/23 MP: 6/9
   191 | D        | Reached XP level 4. HP: 20/28 MP: 7/11
   192 | D        | Noticed a floating eye
   195 | D        | Paralysed by a floating eye for 4 turns
   197 | D        | Slain by a jackal

Vault maps used:
D:        pitsprint

Skill      XL: |  1  2 |
---------------+-------+-----
Fighting       | 1 3 |  3.5
Long Blades    | 1 3 |  3.8
Dodging        | 3 5 |  5.0
Spellcasting   | 4 |  4.0
Conjurations   | 7 |  7.5
Stealth        | |  2.0

Action                   |  1- 3 |  4- 6 || total
-------------------------+-------+-------++-------
Melee: Falchion          |    15 |     1 ||    16
       Unarmed           |     7 |       ||     7
       Peck              |     3 |       ||     3
       Kick              |     7 |     1 ||     8
  Use: Potion            |     1 |       ||     1
 Stab: Sleeping          |     2 |       ||     2
Armor: Robe              |     5 |       ||     5
Dodge: Dodged            |    17 |     6 ||    23
       Rpst.: Falchion   |     5 |     1 ||     6

Table legend:
 A = Spawn XP
 B = Non-spawn XP
 C = Spawn XP percentage of total XP
 D = Spawn monster count
 E = Non-spawn monster count
 F = Spawn count percentage of total count
 G = Total turns spent on level
                    A         B        C        D         E        F      G
               +---------+---------+-------+---------+---------+-------+---------
         Total |       0 |     143 |   0.0 |       0 |       8 |   0.0 |   197
               +---------+---------+-------+---------+---------+-------+---------
             D |       0 |     143 |   0.0 |       0 |       8 |   0.0 |   197
               +---------+---------+-------+---------+---------+-------+---------
